 Dungeon Sprint DCSS version 0.22.1-6-g1668fe2 (webtiles) character file.

814 doot the Cleaver (level 7, -6/46 HPs)
             Began as a Tengu Gladiator on Jan 28, 2019.
             Was an Elder of Vehumet.
             Mangled by a flayed ghost (13 damage)
             ... in the Dungeon (Sprint VII: "The Pits").
             The game lasted 00:02:08 (416 turns).

doot the Cleaver (Tengu Gladiator)                   Turns: 416, Time: 00:02:08

Health: -6/46      AC: 12    Str: 14    XL:     7   Next: 93%
Magic:  8/8        EV: 11    Int: 11    God:    Vehumet [****..]
Gold:   0          SH:  0    Dex: 15    Spells: 2/6 levels left

rFire    . . .     SeeInvis .   r - +4 quarterstaff (speed)
rCold    . . .     Gourm    .   (shield currently unavailable)
rNeg     . . .     Faith    .   s - +3 chain mail
rPois    .         Spirit   .   c - +0 hat
rElec    .         Reflect  .   (no cloak)
rCorr    .         Harm     .   (no gloves)
MR       .....     NoTele   +   (boots unavailable)
Stlth    ..........             (no amulet)
HPRegen  0.15/turn              (no ring)
MPRegen  0.11/turn              (no ring)

@: flayed
A: beak, talons 3, able to fly 1
a: Fly, Renounce Religion


You were in the Dungeon.
You worshipped Vehumet.
Vehumet was greatly pleased with you.
You were not hungry.

You visited 1 branch

Inventory:

Hand Weapons
 a - a +0 war axe
 l - a +2 hand axe
 r - a +4 quarterstaff of speed (weapon)
Missiles
 d - 3 throwing nets (quivered)
Armour
 b - a +0 leather armour
 c - a +0 hat (worn)
 s - a +3 chain mail (worn)
Scrolls
 k - a scroll of blinking
 n - 3 scrolls of remove curse
 o - 5 scrolls of amnesia
 p - a scroll of summoning
Potions
 e - 6 potions of curing
 g - 6 potions of heal wounds
 h - a potion of haste
 i - 4 potions of magic
 j - 2 potions of berserk rage
 m - 2 potions of invisibility
 t - a potion of lignification {unknown}
Comestibles
 f - 9 rations
 q - 4 chunks of flesh


   Skills:
 + Level 6.1 Fighting
 + Level 11.6 Axes
 + Level 3.5 Staves
 + Level 5.2 Throwing
 + Level 3.6 Armour
 + Level 10.5 Dodging
 + Level 2.7 Stealth


You had 2 spell levels left.
You knew the following spells:

 Your Spells              Type           Power        Failure   Level  Hunger
a - Magic Dart            Conj           #...         87%         1    ##.....
b - Stone Arrow           Conj/Erth      #.....       99%         3    ####...
Your spell library was empty.

Dungeon Overview and Level Annotations

Branches:
Dungeon (1/1)

Altars:
Ashenzari
Cheibriados
Dithmenos
Elyvilon
Fedhas
Gozag
Hepliaklqana
Kikubaaqudgha
Makhleb
Nemelex Xobeh
Okawaru
Qazlal
Ru
Sif Muna
Trog
Uskayaw
Vehumet
Wu Jian
Xom
Yredelemnul
Zin
The Shining One
Beogh
Jiyva
Lugonu


Innate Abilities, Weirdness & Mutations

You have a beak for a mouth.
You have claws for feet.
You can fly.


Message History

The flayed ghost is heavily damaged.
The flayed ghost closely misses you.
You hit the flayed ghost. You peck the flayed ghost.
The flayed ghost is heavily damaged.
The flayed ghost stares at you with tortured malice.
You hit the flayed ghost. Your kick misses the flayed ghost.
You peck the flayed ghost, but do no damage.
The flayed ghost is severely damaged.
The flayed ghost hits you!
* * * LOW HITPOINT WARNING * * *
You sock the flayed ghost!
The flayed ghost is severely damaged.
The flayed ghost stares at you with tortured malice.
Unknown command.
You closely miss the flayed ghost.
The flayed ghost is severely damaged.
You sock the flayed ghost!
The flayed ghost is almost destroyed.
The flayed ghost hits you!
You die...

#.#........##.......#
#.#........##.......#
#'###########.......#
#.......# #########
#..###..# #.......#
##.###.##+#
#.......#W+
#..###..#@#
#.......).#
###########


You could see a flayed ghost.

Vanquished Creatures
  Pikel (D)
  A flying skull (D)
  A floating eye (D)
  A wolf (D)
  A hound (D)
  A river rat (D)
  An ooze (D)
  A leopard gecko (D)
  A bat (D)
  A giant cockroach (D)
  A goblin (D)
  2 kobolds (D)
  A ball python (D)
  2 rats (D)
16 creatures vanquished.

Notes
Turn   | Place    | Note
-------+----------+-------------------------------------------
     0 | D        | doot the Tengu Gladiator began the quest for the Orb.
     0 | D        | Reached XP level 1. HP: 12/12 MP: 2/2
     8 | D        | Noticed a floating eye
    11 | D        | Killed a floating eye
    11 | D        | Reached skill level 7 in Axes
    11 | D        | Reached XP level 2. HP: 19/19 MP: 3/3
    11 | D        | Reached XP level 3. HP: 23/23 MP: 4/4
    11 | D        | Reached XP level 4. HP: 28/28 MP: 5/5
    15 | D        | Found a bloodstained altar of Trog.
    15 | D        | Found a deep blue altar of Sif Muna.
    15 | D        | Found a viscous altar of Jiyva.
    15 | D        | Found a hazy altar of Hepliaklqana.
    15 | D        | Found an opulent altar of Gozag.
    16 | D        | Found a glowing golden altar of the Shining One.
    16 | D        | Found a glowing silver altar of Zin.
    16 | D        | Found a basalt altar of Yredelemnul.
    16 | D        | Found a shimmering altar of Xom.
    16 | D        | Found an ornate altar of the Wu Jian Council.
    16 | D        | Found a sacrificial altar of Ru.
    16 | D        | Found a stormy altar of Qazlal.
    16 | D        | Found an iron altar of Okawaru.
    16 | D        | Found a sparkling altar of Nemelex Xobeh.
    16 | D        | Found a burning altar of Makhleb.
    16 | D        | Found a blossoming altar of Fedhas.
    16 | D        | Found a white marble altar of Elyvilon.
    16 | D        | Found a shadowy altar of Dithmenos.
    16 | D        | Found a snail-covered altar of Cheibriados.
    17 | D        | Found a radiant altar of Vehumet.
    17 | D        | Found a corrupted altar of Lugonu.
    17 | D        | Found a roughly hewn altar of Beogh.
    20 | D        | Found a shattered altar of Ashenzari.
    20 | D        | Found an ancient bone altar of Kikubaaqudgha.
    20 | D        | Found a hide-covered altar of Uskayaw.
    29 | D        | Became a worshipper of Vehumet
    87 | D        | Reached * piety under Vehumet
    87 | D        | Offered knowledge of Magic Dart by Vehumet.
    93 | D        | Gained mutation: You can fly. [Tengu growth]
    93 | D        | Reached XP level 5. HP: 32/33 MP: 6/6
    96 | D        | Learned a level 1 spell: Magic Dart
   103 | D        | Noticed a flying skull
   108 | D        | Offered knowledge of Freeze by Vehumet.
   108 | D        | Reached ** piety under Vehumet
   110 | D        | Killed a flying skull
   110 | D        | Reached skill level 9 in Axes
   110 | D        | Reached skill level 1 in Armour
   110 | D        | Reached skill level 1 in Stealth
   110 | D        | Reached XP level 6. HP: 39/39 MP: 7/7
   194 | D        | Reached skill level 5 in Fighting
   194 | D        | Reached skill level 10 in Axes
   196 | D        | Reached *** piety under Vehumet
   202 | D        | Reached skill level 1 in Staves
   290 | D        | Noticed Pikel
   300 | D        | Killed Pikel
   300 | D        | Reached **** piety under Vehumet
   300 | D        | Offered knowledge of Stone Arrow by Vehumet.
   300 | D        | Reached skill level 11 in Axes
   300 | D        | Reached skill level 5 in Throwing
   300 | D        | Reached skill level 10 in Dodging
   300 | D        | Reached XP level 7. HP: 31/46 MP: 8/8
   404 | D        | Learned a level 3 spell: Stone Arrow
   406 | D        | Noticed a flayed ghost
   416 | D        | Mangled by a flayed ghost

Skill      XL: |  1  2  3  4  5  6 |
---------------+-------------------+-----
Fighting       | 3 4 6 |  6.1
Axes           | 7 9 11 | 11.6
Throwing       | 3 4 5 |  5.2
Dodging        | 6 7 8 10 | 10.5
Armour         | 1 3 |  3.6
Stealth        | 1 2 |  2.7
Staves         | 3 |  3.5

Action                   |  1- 3 |  4- 6 |  7- 9 || total
-------------------------+-------+-------+-------++-------
Melee: Kick              |     2 |    11 |     2 ||    15
       War axe           |     2 |       |       ||     2
       Peck              |     1 |     6 |     4 ||    11
       Hand axe          |       |    20 |       ||    20
       Quarterstaff      |       |    26 |     9 ||    35
  Use: Potion            |       |     1 |       ||     1
 Stab: Sleeping          |       |     1 |       ||     1
Armor: Leather armour    |       |     1 |       ||     1
       Chain mail        |       |     7 |       ||     7
Dodge: Dodged            |       |    22 |     3 ||    25
